woodfighter, neutral female human Healer ------ |.....# -------------- |....|# |............| |....|# |..*..{......-# ---------------- -|----# -.------------# |.![..?%%+%%[?!| # # # # ##-....%.[)?@!%]!| # # ## # # # |.@.?.[%%.m)f[%| # ### # # # ### |.(.?*[)*??*!?!| # ### # # ------# ---------------- # ### # # |....|# # ### # -----|---- ###--....|# # # ##.........--- #-<....|# ------.----# |..........| |.....|# |..........######+..........| --..^..# |.........| # |..........| |....| |.........|## |.>........| ------ |.........| ---........| ----------- ---------- woodfighter the Empiric Experience level: 4 Strength: 9 Dexterity: 10 Constitution: 15 Intelligence: 9 Wisdom: 16 Charisma: 16 Health: 0(39) Energy: 8(27) Def: 2 Gold: 0 Moves: 844 Dungeon seed: 7-m0d7TDwZtZ1WHZ Game ID: woodfighter_1505009278 Your Inventory: Amulets x - a cursed amulet of restful sleep Weapons a - a +0 scalpel (weapon in hand) Armor e - an uncursed +1 pair of leather gloves (being worn) n - an uncursed +0 pair of levitation boots q - a cursed -1 pair of gauntlets of fumbling Comestibles j - 5 blessed eucalyptus leaves k - 3 blessed sprigs of wolfsbane l - a blessed clove of garlic m - 6 uncursed apples o - an uncursed lichen corpse r - an uncursed sprig of wolfsbane Scrolls s - an uncursed scroll of scare monster u - a cursed scroll of remove curse v - 2 uncursed scrolls of identify z - an uncursed scroll of remove curse Spellbooks g - a blessed spellbook of healing h - a blessed spellbook of extra healing i - a blessed spellbook of stone to flesh Potions c - 2 uncursed potions of healing d - 4 uncursed potions of extra healing p - an uncursed potion of monster detection t - an uncursed potion of gain level Wands f - a wand of sleep (0:8) Tools b - an uncursed stethoscope Spells and supernatural/magical abilities: Name Level Category Fail Memory h - healing 1 healing 8% 96% x - extra healing 3 healing 35% 96% S - stone to flesh 3 healing 48% 96% W - pray for help -- divine ? -- Your skills at the end: Miscellaneous Skills wands [Basic] Weapon Skills knife [Basic] Spellcasting Skills healing spells [Basic] Final Attributes: You were devoutly aligned. You were poison resistant. You were very stealthy. You were held by a giant mimic. You were fast. You are dead. Vanquished creatures: a small mimic a red mold 2 jackals 2 kobolds 4 goblins a grid bug 2 lichens a kobold zombie 14 creatures vanquished. Voluntary challenges: You did not adorn yourself with jewelry or accessories. You did not cause conflict. You were not invisible. You did not have reflection. You were not displaced. You were an atheist. You used a wielded weapon 59 times, starting on turn 3. You did not use containers. You did not apply a unicorn horn. You did not use plumbed fixtures. You were illiterate. You never genocided any monsters. You never polymorphed an object. You never changed form. You used no wishes. You never split a pudding. You never wrote Elbereth's name. You never violated your personal moral code. Dungeon overview: The Dungeons of Doom: levels 1 to 4 Level 1 (box) a fountain a long staircase Level 2 an armor shop stairs to The Gnomish Mines Level 3 <- You were here a general store, a fountain Level 4 The Gnomish Mines: Level 3 stairs to The Dungeons of Doom History has recorded: On T:1 you entered the Dungeons of Doom to retrieve the Amulet of Yendor! On T:242 you advanced to experience level 2. On T:296 you reached level 2 of The Dungeons of Doom. On T:563 you advanced to experience level 3. On T:569 you reached level 3 of The Dungeons of Doom. On T:587 you reached level 1 of The Gnomish Mines. On T:648 you reached level 4 of The Dungeons of Doom. On T:789 you advanced to experience level 4. Score breakdown: Gold: 0 ( 0 points) Experience: 4 levels ( 300 points) Exploration: 4 levels ( 90 points) Discoveries: 11 items ( 550 points) Variety of kills: 8 monsters ( 400 points) Major goal: (nothing yet) ( 0 points) Survival: died (score multiplied by 3) Total score: 4020 Latest messages: You slash the giant mimic. The giant mimic is moderately wounded. The giant mimic claws you! (2x) You feel better. You hack the giant mimic. The giant mimic is moderately wounded. You slash the giant mimic. The giant mimic is moderately wounded. You slash the giant mimic. The giant mimic is heavily wounded. You slash the giant mimic. The giant mimic is heavily wounded. The giant mimic claws you! (2x) You feel better. You slash the giant mimic. The giant mimic is horribly wounded. You slash the giant mimic. The giant mimic is horribly wounded. You hack the giant mimic. The giant mimic is almost dead. You slash the giant mimic. The giant mimic is almost dead. The giant mimic claws you! (2x) You die... Tuktoyaktuk comes and takes all your possessions. Final status: Goodbye woodfighter the Healer, killed by a giant mimic... You died in The Dungeons of Doom on dungeon level 3 with 4020 points, and 0 pieces of gold, after 844 moves. You were level 4 with a maximum of 39 hit points when you died.